 Dungeon Crawl Stone Soup version 0.30-a0-782-ge64f9170bb (webtiles) character file.

Game seed: 9043700653669499426

872 kae the Digger (level 8, -1/41 HPs)
             Began as a Gargoyle Earth Elementalist on Feb 19, 2023.
             Was a Follower of Vehumet.
             Slain by Maggie
             ... wielding a +2 long sword of protection
              (6 damage)
             ... on level 6 of the Dungeon.
             The game lasted 00:05:04 (4642 turns).

kae the Digger (Gargoyle Earth Elementalist)        Turns: 4642, Time: 00:05:05

Health: -1/41      AC:  8    Str: 12    XL:     8   Next: 4%
Magic:  0/14       EV: 11    Int: 18    God:    Vehumet [*.....]
Gold:   237        SH:  0    Dex: 10    Spells: 5/15 levels left

rFire   . . .      SeeInvis +    r - +3 war axe (elec)
rCold   . . .      Faith    .    (no shield)
rNeg    + + .      Spirit   +    a - +0 robe
rPois   ∞          Reflect  .    (no helmet)
rElec   +          Harm     .    (no cloak)
rCorr   .          Rampage  .    o - +0 pair of gloves
Will    .....                    (no boots)
Stlth   ++                       G - amulet of guardian spirit
HPRegen 0.26/turn                N - ring of positive energy
MPRegen 0.14/turn                v - ring of see invisible

@: mighty, mesmerised
A: sickness immunity, AC +5, negative energy resistance 1, electricity
resistance, torment resistance 1, petrification resistance
a: Renounce Religion


You were on level 6 of the Dungeon.
You worshipped Vehumet.
Vehumet was aware of your devotion.
You visited 2 branches of the dungeon, and saw 7 of its levels.

You collected 237 gold pieces.


Innate Abilities, Weirdness & Mutations

You are immune to sickness and miasma.
Your stone body is resilient. (AC +5)
You are immune to poison.
You resist negative energy. (rN+)
You are resistant to electric shocks. (rElec)
You are resistant to unholy torment.
You are immune to petrification.


   Skills:
 - Level 1.5 Dodging
 - Level 2.1 Stealth
 + Level 4.4 Spellcasting
 * Level 5.9 Conjurations
 - Level 2.0 Transmutations
 + Level 6.5 Earth Magic


You had 5 spell levels left.
You knew the following spells:

 Your Spells              Type           Power      Damage    Failure   Level
a - Sandblast             Erth           54%        2d13      1%          1
b - Stone Arrow           Conj/Erth      52%        3d10      3%          3
c - Passwall              Tmut/Erth      15%        N/A       3%          2
d - Petrify               Tmut/Erth      19%        N/A       24%         4

Your spell library contained the following spells:

 Spells                   Type           Power      Damage    Failure   Level
 Shock                    Conj/Air       56%        1d6       4%          1
 Momentum Strike          Conj/Tloc      28%        3d8       6%          2
 Blink                    Tloc           8%         N/A       22%         2
 Lesser Beckoning         Tloc           8%         N/A       22%         2
 Summon Guardian Golem    Hex/Summ       4%         N/A       38%         3
 Orb of Destruction       Conj           12%        9d7       100%        7
 Spellforged Servitor     Conj/Summ      7%         N/A       100%        7

Inventory:

Hand Weapons
 r - a +3 war axe of electrocution (weapon)
   (You took it off an orc on level 5 of the Dungeon)
Missiles
 i - 50 stones
Armour
 a - a +0 robe (worn)
 o - a +0 pair of gloves (worn)
   (You found it on level 4 of the Dungeon)
Jewellery
 v - a ring of see invisible (right hand)
   (You found it on level 4 of the Dungeon)
 G - an amulet of guardian spirit (around neck)
   (You found it on level 2 of the Dungeon)
 N - a ring of positive energy (left hand)
   (You found it on level 2 of the Dungeon)
Wands
 h - a wand of flame (23)
   (You found it on level 4 of the Dungeon)
Scrolls
 b - 3 scrolls of teleportation {@r4}
 d - 2 scrolls of fog
 q - a scroll of enchant weapon
Potions
 c - 2 potions of cancellation {unknown}
 f - a potion of brilliance
 g - a potion of attraction {unknown}
 j - 3 potions of heal wounds {@q2}
 l - a potion of mutation {unknown}
 m - 2 potions of curing {@q1}
 n - 3 potions of flight {unknown}
 p - a potion of degeneration {unknown}

Dungeon Overview and Level Annotations

Branches:
Dungeon (6/15) Zot: 26598  Temple (1/1) D:4 Zot: 5766

Altars:
Ashenzari
Cheibriados
Dithmenos
Elyvilon
Fedhas
Gozag
Hepliaklqana
Kikubaaqudgha
Okawaru
Ru
Sif Muna
Trog
Vehumet
Wu Jian
Xom
Yredelemnul
Zin
The Shining One

Annotations:
D:6 Maggie

###### ########
.....# .......<
####.# #######.
####.##### #####.
#........# #.....
.....###.##########
#..... #.##.#
#........@.# #.##..
..#..###.########@#
# ##. .........# .#
... #####.#### .#
...... #####.# .###
#.##.# .....)# ...#
#.##.# #####)##
##.# #.##.# ##)..##
#.# ##.##.#
##.....## ### #.#
.....


You could see Maggie (mesmerising).


Message History

Maggie barely misses you. 😕 MP[-1]
You lost 1 mp, and now have 10/14 mp.
Casting: Sandblast (safe; 1% risk of failure)
Confirm with . or Enter, or press ? or * to list all spells.
Aiming: Sandblast (safe; 1% risk of failure)
Press: ? - help, Shift-Dir - straight line, f/p - Maggie
Aim: Maggie, wielding a +2 long sword of protection and wearing +0 steam dragon scales (lightly wounded, mesmerising, 83% to hit)
The blast of sand misses Maggie.
Maggie mumbles the words to a spell, but in the wrong order.
Maggie hits you but does no damage. 😕 HP[+1]
Casting: Sandblast (safe; 1% risk of failure)
Confirm with . or Enter, or press ? or * to list all spells.
Aiming: Sandblast (safe; 1% risk of failure)
Press: ? - help, Shift-Dir - straight line, f/p - Maggie
Aim: Maggie, wielding a +2 long sword of protection and wearing +0 steam dragon scales (lightly wounded, mesmerising, 83% to hit)
The blast of sand hits Maggie.
Maggie gestures wildly while chanting.
Maggie draws you further into her thrall.
Maggie barely misses you. 😕 MP[-1]
You lost 1 mp, and now have 9/14 mp.
Casting: Sandblast (safe; 1% risk of failure)
Confirm with . or Enter, or press ? or * to list all spells.
Aiming: Sandblast (safe; 1% risk of failure)
Press: ? - help, Shift-Dir - straight line, f/p - Maggie
Aim: Maggie, wielding a +2 long sword of protection and wearing +0 steam dragon scales (lightly wounded, mesmerising, 83% to hit)
The blast of sand hits Maggie!!
Maggie points at you and mumbles some strange words.
The bolt of fire hits you! 😮 HP[-11] MP[-3]
You take 11 damage, and now have 29/41 hp.
MASSIVE DAMAGE!! (PAUSE)
You lost 3 mp, and now have 6/14 mp.
Casting: Sandblast (safe; 1% risk of failure)
Confirm with . or Enter, or press ? or * to list all spells.
Aiming: Sandblast (safe; 1% risk of failure)
Press: ? - help, Shift-Dir - straight line, f/p - Maggie
Aim: Maggie, wielding a +2 long sword of protection and wearing +0 steam dragon scales (heavily wounded, mesmerising, 83% to hit)
The blast of sand hits Maggie!
Maggie hits you with a +2 long sword of protection. x2 😮 HP[-8] MP[-3]
You take 8 damage, and now have 21/41 hp.
You lost 3 mp, and now have 3/14 mp.
Casting: Sandblast (safe; 1% risk of failure)
Confirm with . or Enter, or press ? or * to list all spells.
Aiming: Stone Arrow (dangerous; 3% risk of failure)
Press: ? - help, Shift-Dir - straight line, f/p - Maggie
Aim: Maggie, wielding a +2 long sword of protection and wearing +0 steam dragon scales (heavily wounded, mesmerising, 71% to hit)
You miscast Stone Arrow.
You are very lightly contaminated with residual magic.
Nothing appears to happen.
Maggie barely misses you. 😮 MP[-3]
You lost 3 mp, and now have 0/14 mp.
You barely miss Maggie. Maggie casts a spell at you. The bolt of fire hits you.
* * * LOW HITPOINT WARNING * * *
😨 HP[-4]
You take 4 damage, and now have 17/41 hp.
You closely miss Maggie.
Maggie gestures wildly while chanting.
Maggie draws you further into her thrall.
Maggie hits you but does no damage.
Unknown command.
You hit Maggie.
Maggie hits you with a +2 long sword of protection!
* * * LOW HITPOINT WARNING * * *
😱 HP[-12]
You take 12 damage, and now have 5/41 hp.
MASSIVE DAMAGE!! (PAUSE)
You feel much better. Maggie closely misses you. 😮 HP[+19]
You regained 19 hp, and now have 24/41 hp.
It was a potion of might.
You feel very mighty all of a sudden.
Maggie mumbles the words to a spell, but in the wrong order.
Maggie casts a spell.
Maggie draws you further into her thrall.
Your magical contamination has completely faded away.
You closely miss Maggie. Maggie barely misses you.
Maggie hits you but does no damage.
You barely miss Maggie.
Maggie hits you with a +2 long sword of protection!
* * * LOW HITPOINT WARNING * * *
😨 HP[-8]
You take 8 damage, and now have 16/41 hp.
You closely miss Maggie.
Maggie hits you with a +2 long sword of protection.
* * * LOW HITPOINT WARNING * * *
Maggie gives herself a magical halo, but it quickly sputters out.
Maggie hits you with a +2 long sword of protection.
* * * LOW HITPOINT WARNING * * *
😱 HP[-11]
You take 11 damage, and now have 5/41 hp.
MASSIVE DAMAGE!! (PAUSE)
You hit Maggie. Lightning courses through Maggie!!
Maggie hits you with a +2 long sword of protection.
You die...

Skill      XL: |  1  2  3  4  5  6  7 |
---------------+----------------------+-----
Earth Magic    | 4 5 6 |  6.5
Conjurations   | 1 2 3 4 5 |  5.9
Spellcasting   | 3 4 |  4.4
Transmutations | 1 2 |  2.0
Dodging        | |  1.5
Stealth        | |  2.1

Action                     |  1- 3 |  4- 6 |  7- 9 || total
---------------------------+-------+-------+-------++-------
  Melee: Unarmed           |    17 |    24 |       ||    41
         War axe           |       |       |     8 ||     8
   Cast: Sandblast         |    44 |    91 |    34 ||   169
         Stone Arrow       |       |       |     1 ||     1
    Use: Scroll            |       |    11 |     2 ||    13
         Potion            |       |     2 |     4 ||     6
 Armour: Robe              |     5 |    25 |     6 ||    36
         Skin              |       |     5 |     1 ||     6
  Dodge: Dodged            |    14 |    73 |    12 ||    99

Levels and vault maps discovered:
D:1:      eino_arrival_tree_alley, layout_loops_ring,
          nicolae_kite_square_tiling_tiny
D:2:      layout_basic
D:3:      wander_river, layout_basic, nicolae_ru_the_path_less_chosen,
          overflow_temple_1_default, shapermc_ecumenical_altar_flowoftime
D:4:      layout_rooms, lemuel_temple_firewalk_a, amcnicky_mini_pool_small
D:5:      layout_rooms, elyvilon_altar_3, kennysheep_doodads
D:6:      layout_loops_corners, mainiacjoe_overflow_brackets, uniq_maggie
Temple:   nicolae_temple_bog_church

Notes
Turn   | Place    | Note
-------+----------+-------------------------------------------
     0 | D:1      | kae the Gargoyle Earth Elementalist began the quest for the
                  | Orb.
     0 | D:1      | Reached XP level 1. HP: 10/10 MP: 3/3
     0 | D:1      | magus.rc [v1.11.3]
   106 | D:1      | Reached skill level 4 in Earth Magic
   106 | D:1      | Reached XP level 2. HP: 14/15 MP: 1/5
   483 | D:1      | Reached XP level 3. HP: 19/19 MP: 2/6
   793 | D:2      | Learned a level 3 spell: Stone Arrow
   796 | D:2      | Learned a level 2 spell: Passwall
  1095 | D:2      | Reached skill level 1 in Conjurations
  1407 | D:2      | Reached XP level 4. HP: 23/24 MP: 5/8
  1603 | D:3      | Found a broken altar of Ashenzari.
  1646 | D:3      | Found a faded altar of an unknown god.
  1954 | D:3      | Reached skill level 3 in Spellcasting
  1960 | D:3      | Reached skill level 2 in Conjurations
  2191 | D:3      | Reached XP level 5. HP: 28/28 MP: 7/9
  2331 | D:3      | Found a sacrificial altar of Ru.
  2361 | D:3      | Learned a level 4 spell: Petrify
  2614 | D:4      | You pick up a book of Spatial Translocations and begin
                  | reading...
  2614 | D:4      | You add the spells Blink, Momentum Strike and Lesser
                  | Beckoning to your library.
  2710 | D:4      | Reached skill level 3 in Conjurations
  2710 | D:4      | Reached skill level 1 in Transmutations
  2710 | D:4      | Reached skill level 5 in Earth Magic
  2988 | D:4      | Found a staircase to the Ecumenical Temple.
  2997 | Temple   | Entered the Ecumenical Temple
  3197 | Temple   | Became a worshipper of Vehumet
  3269 | D:5      | Entered Level 5 of the Dungeon
  3302 | D:5      | Reached XP level 6. HP: 15/32 MP: 0/11
  3390 | D:5      | Noticed an ice beast
  3401 | D:5      | Killed an ice beast
  3413 | D:5      | Reached skill level 4 in Conjurations
  3563 | D:5      | Noticed a hornet
  3633 | D:5      | Found a white marble altar of Elyvilon.
  3777 | D:5      | You pick up a book of Dangerous Friends and begin
                  | reading...
  3777 | D:5      | You add the spells Summon Guardian Golem, Orb of
                  | Destruction and Spellforged Servitor to your library.
  3843 | D:5      | Reached XP level 7. HP: 36/36 MP: 8/12
  3896 | D:5      | Reached skill level 2 in Transmutations
  4018 | D:5      | Reached skill level 4 in Spellcasting
  4109 | D:5      | HP: 4/36 [hornet (11)]
  4112 | D:5      | Killed a hornet
  4113 | D:5      | Reached skill level 5 in Conjurations
  4113 | D:5      | Reached skill level 6 in Earth Magic
  4391 | D:6      | Found a shadowy altar of Dithmenos.
  4458 | D:6      | Reached * piety under Vehumet
  4458 | D:6      | Offered knowledge of Shock by Vehumet.
  4459 | D:6      | Reached XP level 8. HP: 30/41 MP: 4/14
  4624 | D:6      | Noticed Maggie
  4636 | D:6      | HP: 5/41 [Maggie/+2 long sword of protection (12)]
  4641 | D:6      | HP: 5/41 [Maggie/+2 long sword of protection (6)]
  4642 | D:6      | Slain by Maggie

Vanquished Creatures
  A hornet (D:5)
  An ice beast (D:5)
  A bullfrog (D:6)
  A scorpion (D:5)
  A howler monkey (D:4)
  4 hounds
  An orc priest (D:6)
  A jelly (D:5)
  An iguana (D:5)
  2 orc wizards
  4 gnolls (D:3)
  5 adders
  4 dart slugs
  13 orcs
  2 ball pythons
  7 endoplasms
  A giant cockroach (D:4)
  9 goblins
  3 hobgoblins
  2 jackals (D:3)
  2 kobolds
  6 quokkas
  5 bats
  8 rats
85 creatures vanquished.

Vanquished Creatures (others)
  An adder (D:4)
  2 plants (D:3)
  3 withered plants (D:3)
6 creatures vanquished.

Grand Total: 91 creatures vanquished

Table legend:
 A = Non-vault XP
 B = Vault XP
 C = Vault XP percentage of total XP
 D = Non-vault monster count
 E = Vault monster count
 F = Vault count percentage of total count
                 A         B        C        D         E       F
            +---------+---------+-------+---------+---------+-------
      Total |    1246 |       0 |   0.0 |      85 |       0 |   0.0
            +---------+---------+-------+---------+---------+-------
        D:1 |      38 |       0 |   0.0 |      19 |       0 |   0.0
        D:2 |      53 |       0 |   0.0 |      12 |       0 |   0.0
        D:3 |      79 |       0 |   0.0 |      17 |       0 |   0.0
        D:4 |     134 |       0 |   0.0 |      14 |       0 |   0.0
        D:5 |     769 |       0 |   0.0 |      16 |       0 |   0.0
        D:6 |     173 |       0 |   0.0 |       7 |       0 |   0.0
            +---------+---------+-------+---------+---------+-------

Illustrated notes

Table legend:
 A = Kills in this place as a percentage of kills in entire the game.
 B = Kills by you in this place as a percentage of kills by you in the entire game.
 C = Kills by friends in this place as a percentage of kills by friends in the entire game.
 D = Other kills in this place as a percentage of other kills in the entire game.
 E = Experience gained in this place as a percentage of experience gained in the entire game.
 F = Experience gained in this place divided by the number of levels of this place that you have seen.
                   A       B       C       D       E      F
               +-------+-------+-------+-------+-------+----------------------
         Total | 100.0 | 100.0 |   N/A |   N/A | 100.0 | 178.0
       Dungeon | 100.0 | 100.0 |   N/A |   N/A | 100.0 | 207.7
               +-------+-------+-------+-------+-------+----------------------

Table legend: (Time is in decaauts)
 A = Elapsed time spent in this place.
 B = Non-inter-level travel time spent in this place.
 C = Inter-level travel time spent in this place.
 D = Time resting spent in this place.
 E = Time spent auto-exploring this place.
 F = Levels seen in this place.
 G = Mean time per level.
                   A        B        C        D        E       F      G
               +--------+--------+--------+--------+--------+-----+--------+
         Total |   4773 |   4557 |    216 |    327 |   3547 |   7 |  681.9 |
       Dungeon |   4539 |   4362 |    177 |    327 |   3369 |   6 |  756.5 |
        Temple |    233 |    194 |     39 |      0 |    178 |   1 |  233.0 |
               +--------+--------+--------+--------+--------+-----+--------+

Top non-repeatable levels by time:
     D:5: 1011 daAuts
     D:3: 858 daAuts
     D:2: 823 daAuts
     D:1: 800 daAuts
     D:4: 645 daAuts
     D:6: 399 daAuts
  Temple: 233 daAuts
